 Dungeon Crawl Stone Soup version 0.30-a0-476-g330ca2eb8e (webtiles) character file.

Game seed: 15251162106039917696

103 porpoise the Caller (level 4, -9/30 HPs)
             Began as a Barachi Summoner on Dec 22, 2022.
             Mangled by Sigmund
             ... wielding a +2 scythe of distortion
              (22 damage)
             ... on level 2 of the Dungeon.
             The game lasted 00:12:02 (2073 turns).

porpoise the Caller (Barachi Summoner)              Turns: 2073, Time: 00:12:07

Health: -9/30      AC:  2    Str:  9    XL:     4   Next: 79%
Magic:  5/9        EV: 12    Int: 18    God:
Gold:   7          SH:  0    Dex: 12    Spells: 4/10 levels left

rFire   . . .      SeeInvis .    a - +0 trident (venom)
rCold   . . .      Faith    .    (no shield)
rNeg    + . .      Spirit   .    c - +0 robe
rPois   .          Reflect  .    (no helmet)
rElec   .          Harm     .    (no cloak)
rCorr   .          Rampage  .    (no gloves)
Will    .....                    (no boots)
Stlth   ++........               (no amulet)
HPRegen 0.25/turn                k - ring of positive energy
MPRegen 0.11/turn                (no ring)

@: slow
A: amphibious, slowness 1, strong legs 1, +LOS
a: Hop


You were on level 2 of the Dungeon.
You visited 1 branch of the dungeon, and saw 2 of its levels.

You collected 141 gold pieces.
You spent 134 gold pieces at shops.

Inventory:

Hand Weapons
 a - a +0 trident of venom (weapon)
Armour
 c - a +0 robe (worn)
Jewellery
 k - a ring of positive energy (left hand)
 n - a ring of fire
Scrolls
 d - 2 scrolls of teleportation
 e - a scroll of amnesia
 h - 2 scrolls of poison
 o - a scroll of magic mapping
 p - a scroll of vulnerability {unknown}
 r - a scroll of noise {unknown}
Potions
 b - a potion of magic
 f - 2 potions of curing
 g - 3 potions of heal wounds
 j - 2 potions of attraction {unknown}
 l - a potion of brilliance {unknown}
 m - a potion of flight {unknown}
 q - a potion of degeneration {unknown}
 s - 2 potions of mutation {unknown}


   Skills:
 - Level 2.1 Dodging
 - Level 1.7 Stealth
 + Level 3.8 Spellcasting
 + Level 6.1 Summonings


You had 4 spell levels left.
You knew the following spells:

 Your Spells              Type           Power      Damage    Failure   Level
a - Summon Small Mammal   Summ           100%       N/A       1%          1
b - Call Imp              Summ           25%        N/A       1%          2
c - Call Canine Familiar  Summ           25%        N/A       3%          3

Your spell library contained the following spells:

 Spells                   Type           Power      Damage    Failure   Level
 Summon Guardian Golem    Hex/Summ       14%        N/A       13%         3
 Summon Lightning Spire   Summ/Air       14%        N/A       38%         4


Dungeon Overview and Level Annotations

Branches:
Dungeon (2/15)

Altars:

Shops:
D:1 (*[:(

Annotations:
D:2 Sigmund


Innate Abilities, Weirdness & Mutations

You are amphibious.
You cover ground slowly.
You can hop short distances.
You have an extended range of vision and can be seen from far away.


Message History

o - 2 scrolls labelled DAOZOH ZOIGGY (gained 1)
s - 2 pink potions
As you read the scroll labelled CAZYRAUCUTA, it crumbles to dust.
It is a scroll of amnesia.
Really abort (and waste the scroll)?
Okay, then.
As you read the scroll labelled HULOAPH NICYNK, it crumbles to dust.
It is a scroll of identify.
g - 4 potions of heal wounds
As you read the scroll of identify, it crumbles to dust.
f - 2 potions of curing
As you read the scroll labelled DAOZOH ZOIGGY, it crumbles to dust.
You feel aware of your surroundings.
You sensed 1 altar.
It was a scroll of magic mapping.
Okay, then.
Unknown command.
Sigmund the Dreaded comes into view.
He is wielding a +2 scythe of distortion.
Sigmund shouts!
Casting: Summon Small Mammal (safe; 1% risk of failure)
Confirm with . or Enter, or press ? or * to list all spells.
Sigmund hits you from afar with a +2 scythe of distortion!
Space warps around you.
Casting: Summon Small Mammal (safe; 1% risk of failure)
Confirm with . or Enter, or press ? or * to list all spells.
Sigmund points at you and mumbles some strange words.
The puff of flame hits you!
* * * LOW HITPOINT WARNING * * *
Your quokka closely misses Sigmund.
Your rat closely misses Sigmund.
Casting: Summon Small Mammal (safe; 1% risk of failure)
Confirm with . or Enter, or press ? or * to list all spells.
Okay, then.
You feel much better.
Your quokka bites Sigmund.
Casting: Summon Small Mammal (safe; 1% risk of failure)
Confirm with . or Enter, or press ? or * to list all spells.
A beastly little devil appears in a puff of frigid air.
Your quokka bites Sigmund but does no damage.
Sigmund hits you from afar with a +2 scythe of distortion!
Space warps horribly around you!!
Ouch! That really hurt!
You die...

#.######## *,,...,*
#.##.....# **,#.#,*
.†.#.....# #,#.#,#
..)......# #.#.#.#
...#.....# *.#.#.#
..##.....# *,.rr.*
..##############@#**
#.# #.......# #.#
#.####.@# #.####
#.####..#
.....#####.#..5.[#
#.##.........##.##
#.#...####.####.#
#.....# #...,..#
###...# ########
,....## ######


You could see Sigmund (ally target), a friendly white imp (summoned), a friendly
quokka (summoned) and a friendly rat (summoned).

Vanquished Creatures
  A hound (D:2)
  A worm (D:2)
  An endoplasm (D:1)
  A giant cockroach (D:1)
  2 goblins (D:1)
  A hobgoblin (D:2)
  A quokka (D:1)
  A ball python (D:1)
  2 frilled lizards (D:2)
  A kobold (D:1)
  6 rats
18 creatures vanquished.

Vanquished Creatures (collateral kills)
  2 adders (D:2)
  A worm (D:2)
  3 bats (D:1)
  4 endoplasms (D:1)
  3 giant cockroaches (D:1)
  4 goblins (D:1)
  8 hobgoblins
  A jackal (D:2)
  2 frilled lizards (D:1)
  A kobold (D:1)
  A rat (D:2)
30 creatures vanquished.

Grand Total: 48 creatures vanquished

Notes
Turn   | Place    | Note
-------+----------+-------------------------------------------
     0 | D:1      | porpoise the Barachi Summoner began the quest for the Orb.
     0 | D:1      | Reached XP level 1. HP: 13/13 MP: 3/3
    28 | D:1      | Found Menwoluoc's Armour Shoppe.
    46 | D:1      | Reached skill level 5 in Summonings
   149 | D:1      | Reached XP level 2. HP: 19/19 MP: 0/5
   154 | D:1      | Learned a level 2 spell: Call Imp
   202 | D:1      | Found Tequ Risie's Assorted Antiques.
   222 | D:1      | Bought a bubbling pink potion for 22 gold pieces
   222 | D:1      | Bought a grey potion for 22 gold pieces
   242 | D:1      | Bought a grey potion for 22 gold pieces
   248 | D:1      | Found Gaphutow's Weapon Shop.
   311 | D:1      | Found Vonenatu's Book Emporium.
   652 | D:1      | Reached XP level 3. HP: 15/24 MP: 1/7
  1192 | D:1      | Found Tacur's Antique Weapon Shoppe.
  1674 | D:2      | Learned a level 3 spell: Call Canine Familiar
  1715 | D:2      | Reached XP level 4. HP: 30/30 MP: 6/9
  1745 | D:1      | Bought a +0 trident of venom for 68 gold pieces
  1877 | D:2      | Reached skill level 6 in Summonings
  2068 | D:2      | Noticed Sigmund
  2073 | D:2      | Mangled by Sigmund

Illustrated notes

Levels and vault maps discovered:
D:1:      minmay_arrival_diagonal_passages, layout_loops_ring, serial_shops,
          nicolae_shop_bloodbath_and_beyond, shop, nicolae_shop_behind_doors,
          nicolae_shop_temple_entry_statues_fountains, shop,
          kennysheep_decorative_pillar
D:2:      layout_loops_cross, basic_altar, minmay_tromino_i2, uniq_sigmund

Skill      XL: |  1  2  3  4 |
---------------+-------------+-----
Summonings     | 5 6 |  6.1
Spellcasting   | 3 |  3.8
Dodging        | |  2.1
Stealth        | |  1.7

Action                   |  1- 3 |  4- 6 || total
-------------------------+-------+-------++-------
Melee: Dagger            |    40 |       ||    40
       Trident           |       |    20 ||    20
       Punch             |       |     1 ||     1
 Cast: Summon Small Mamm |    39 |     8 ||    47
       Call Imp          |     6 |     1 ||     7
  Use: Scroll            |     2 |     4 ||     6
       Potion            |       |     1 ||     1
 Stab: Sleeping          |     2 |     1 ||     3
Armor: Robe              |     8 |     3 ||    11
Dodge: Dodged            |    32 |    10 ||    42

Table legend: (Time is in decaauts)
 A = Elapsed time spent in this place.
 B = Non-inter-level travel time spent in this place.
 C = Inter-level travel time spent in this place.
 D = Time resting spent in this place.
 E = Time spent auto-exploring this place.
 F = Levels seen in this place.
 G = Mean time per level.
                   A        B        C        D        E       F      G
               +--------+--------+--------+--------+--------+-----+--------+
         Total |   2298 |   2191 |    107 |    522 |   1084 |   2 | 1149.0 |
       Dungeon |   2298 |   2191 |    107 |    522 |   1084 |   2 | 1149.0 |
               +--------+--------+--------+--------+--------+-----+--------+

Top non-repeatable levels by time:
     D:1: 1525 daAuts
     D:2: 773 daAuts
